[Event "SixDays Budapest March GM-A 2023"]
[Site "Budapest"]
[Date "2023.03.25"]
[Round "2.4"]
[White "Pap, Misa"]
[Black "Leszko, Bence"]
[Result "1-0"]
[ECO "C43"]
[WhiteElo "2403"]
[BlackElo "2283"]
[Annotator "TA"]
[PlyCount "91"]
[EventDate "2023.03.24"]
[EventType "tourn"]
[EventCountry "HUN"]
[SourceTitle "playchess.com"]
[Source "ChessBase"]
[SourceQuality "1"]
[TimeControl "5400+30"]

1. e4 e5 2. Nf3 Nf6 3. d4 Nxe4 4. Bd3 d5 5. Nxe5 Nd7 6. Nc3 Bb4 {[%emt 0:00:05][%cal Bf8b4,Bb4c3,Bc3d4][%mdl 32] C43: Petroff Defence: 3 d4.} 7. O-O Nxe5 8. dxe5 Nxc3 {[%emt 0:00:03] The position is equal.} 9. bxc3 Bxc3 10. Rb1 {[%emt 0:00:07] [#]} a5 $146 (10... Bxe5 $2 11. Re1 Qe7 12. Qh5 (12. Bf4 f6 $18) 12... Bxh2+ 13. Kf1 $18) ({Predecessor:} 10... Qh4 11. Ba3 a5 12. Bb5+ c6 13. Qxd5 Bd7 14. Qc5 cxb5 15. e6 fxe6 16. Qxc3 b4 17. Qxg7 {0-1 Grischuk,A (2745)-Paravyan,D (2620) Chess.com Rapid Wk23 Swiss 2022 (8)}) 11. f4 {[%emt 0:08:08][%mdl 1024] White has compensation.} Qh4 12. Bd2 Bd4+ (12... Bxd2 {simplifies} 13. Qxd2 O-O 14. f5 Qd4+) 13. Kh1 Bg4 14. Qc1 (14. Be1 {seems wilder.} Qh5 15. Qd2 O-O 16. Rxb7 c6 17. c3) 14... O-O 15. Be3 Bxe3 16. Qxe3 Qe7 (16... Bc8 $1 $14) 17. f5 $36 {[%emt 0:14:25][%mdl 2048] White is really pushing. White is more active.} f6 18. Qd4 {[%emt 0:00:36] Threatens to win with exf6.} ({Don't play} 18. Rxb7 fxe5 19. c4 e4 20. cxd5 Bxf5 $15) 18... fxe5 {[%emt 0:05:52] This costs Black the game.} (18... Bh5 $16) 19. Qxg4 $18 e4 20. Be2 c6 21. a4 Rf7 22. Qh3 Raf8 23. g4 Qe5 24. Qg3 Qxg3 25. hxg3 g6 26. Kg2 Kg7 {[%emt 0:05:19] [#]} 27. f6+ $1 Kh6 {[%emt 0:00:49] [#]} 28. Rf4 $1 Re8 (28... g5 {is a better defense.}) 29. Kf2 Re6 30. Ke3 c5 31. c3 {[%emt 0:02:01] Rd1 is the strong threat.} Kg5 32. Rd1 Re5 33. Rdf1 Re6 34. Bb5 ({Much less strong is} 34. Rd1 $6 Re5 35. Rb1 Re6) 34... Re5 $2 (34... Rfxf6 35. Rd1 Rd6) 35. Bd7 Kh6 $2 {[%emt 0:00:07] [#]} (35... Rxd7 $2 36. f7 d4+ 37. Ke2) (35... h6 36. R4f2 Rxd7) 36. g5+ $1 {[%emt 0:02:46][%mdl 64] Decoy} Kxg5 37. Rg4+ Kh6 38. Rh1+ Rh5 39. Rxh5+ {[%emt 0:00:14][%mdl 64] Remove Defender} Kxh5 {[%emt 0:01:24][%mdl 4096] Endgame [#] KRB-KR} 40. Rf4 $1 Kg5 41. Be6 d4+ $2 (41... Rxf6 42. Rxf6 d4+ 43. cxd4 Kxf6) 42. cxd4 {[%emt 0:00:43] White is clearly winning.} cxd4+ 43. Kxe4 Rxf6 44. Rxf6 Kxf6 45. Bc8 b6 46. Kxd4 {[%emt 0:00:07] Excellently played by Pap!   Weighted Error Value: White=0.11 (very precise) /Black=0.33} 1-0

[Event "SixDays Budapest March GM-A 2023"]
[Site "Budapest"]
[Date "2023.03.25"]
[Round "2.5"]
[White "Horvath, Adam"]
[Black "Kushagra Mohan"]
[Result "1/2-1/2"]
[ECO "B19"]
[WhiteElo "2458"]
[BlackElo "2396"]
[Annotator "TA"]
[PlyCount "111"]
[EventDate "2023.03.24"]
[EventType "tourn"]
[EventCountry "HUN"]
[SourceTitle "playchess.com"]
[Source "ChessBase"]
[SourceQuality "1"]
[TimeControl "5400+30"]

1. e4 c6 2. d4 d5 3. Nc3 dxe4 4. Nxe4 Bf5 5. Ng3 Bg6 6. h4 h6 7. Nf3 Nd7 8. h5 Bh7 9. Bd3 Bxd3 10. Qxd3 e6 11. Bd2 Ngf6 12. O-O-O Be7 13. Kb1 O-O 14. Qe2 c5 {[%emt 0:04:59] B19: Classical Caro-Kann: 4...Bf5 main line.} (14... Qb6 {looks sharper.} 15. Ne5 Rfd8 16. c4 c5) 15. Bc1 (15. dxc5 $11 Qc7 16. Bc3) 15... Qc7 16. d5 {[%emt 0:07:16][%mdl 64] Deflection} exd5 17. Nf5 (17. Qxe7 $2 Rae8 18. Nf5 Rxe7 19. Nxe7+ Kh7 20. Nxd5 Nxd5 21. Rxd5 Re8 $19) 17... Bd6 {[%emt 0:00:31] [#]} 18. g4 $146 ({Predecessor:} 18. N3h4 Rfe8 19. Qf3 Bf8 20. g4 Qb6 21. Ka1 Re4 22. Rhg1 Qa6 23. g5 hxg5 24. Rxg5 Qe2 25. Nh6+ Kh8 26. Nxf7+ Kg8 27. Nh6+ Kh8 28. Ng6+ Kh7 29. Qf5 {1-0 Guseinov,G (2609)-Harutjunyan,G (2476) Dubai op 12th 2010 (5)}) 18... Rfe8 (18... Nxg4 $2 19. N3d4 cxd4 20. Qxg4 $18) 19. Qf1 (19. Qd3 $1 $15) 19... Bf4 $17 (19... Nxg4 20. N3h4 $16 (20. Rxd5 Bf8 $11)) 20. g5 hxg5 (20... Bxc1 $1 $17 21. gxf6 Bxb2 {[%mdl 64] Decoy} 22. Kxb2 Qb6+ 23. Kc1 Qxf6) 21. h6 $1 $11 g6 22. h7+ $1 Kh8 $1 23. Nxg5 ({Only move:} 23. Nh6 $11 Nb6 24. Bxf4 gxf4 25. Ng5) 23... Bxg5 $17 (23... gxf5 24. Nxf7+ Kg7 25. h8=Q+ Rxh8 26. Nxh8 Rxh8 27. Qg2+ Ng4 28. Rxh8 Kxh8 29. f3 Bxc1 30. fxg4 $18) 24. Bxg5 gxf5 25. Qh3 {[%emt 0:33:49] [#]} Qe5 $2 (25... Qc6 $1 $19 26. Rdg1 Ng4) 26. f3 $11 {[%emt 0:03:13] Prevents Ng4.} Re6 {[%emt 0:11:55] White must now prevent ...Ne8.} 27. Rdg1 $1 {[%emt 0:00:05][%cal Og5f4] [#]} Ng4 $1 28. fxg4 f4 $40 {[%emt 0:00:05][%mdl 128] Black attacks.} 29. Bh6 Nf8 (29... Kxh7 $2 30. Bxf4+ Kg7 31. Bxe5+ $18) ({Don't play} 29... Rb6 30. b3 Re8 31. Rf1 $14) 30. b3 Ng6 (30... Nxh7 $2 31. Rf1 (31. Bxf4 Qg7 $18) 31... c4 32. Bxf4 $18 (32. Rxf4 cxb3 33. axb3 Ra6 $16)) 31. Rf1 {[%emt 0:00:31] [#]} (31. Rd1 $11 {remains equal.}) 31... c4 $1 $17 {[%emt 0:00:55] Threatens to win with ...cxb3.} (31... Kxh7 32. Bxf4+ Kg8 33. Qh7+ Kf8 34. Bxe5 Nxe5 35. Qh8+ Ke7 36. Qxa8) 32. Qg2 (32. Qf3 $17) 32... cxb3 (32... Kxh7 $2 33. Bxf4+ Kg7 34. Bxe5+ $18) (32... Rae8 $19 {...cxb3 would be deadly.} 33. Qd2 cxb3 34. cxb3 Qe4+ 35. Qc2 f6 36. Qxe4 {[%mdl 64] Remove Defender} dxe4 37. Bxf4 Nxf4 {[%mdl 64] Remove Defender} 38. Rxf4 e3) 33. axb3 $2 (33. cxb3 $17 {only move.} Rae8 34. Qc2) 33... Ra6 (33... Kxh7 $2 34. Bxf4+ Kg7 35. Bxe5+ $18) 34. c3 Qxc3 (34... Rc8 $19 {has better winning chances.} 35. Rc1 Rac6) 35. Qb2 Qxb2+ 36. Kxb2 Re8 ({Black should play} 36... Kxh7 $17 {aiming for ...Kg8.} 37. Rh5 Re8 38. Bxf4+ Kg8 39. Rxd5 Rf6) 37. Bxf4 $11 Nxf4 38. Rxf4 {[%emt 0:00:04][%mdl 4096] Endgame KRR-KRR} f6 39. Rd4 Rd6 40. Rh5 Re2+ 41. Ka3 ({Better is} 41. Kc3 $15) 41... Re5 {[%emt 0:01:29] ...Rxh5 is the strong threat.} 42. Rh6 Re4 {[%emt 0:02:48] Wards off Rf4} (42... Re7 $5 43. Rf4 Rf7 $17) 43. Rd2 {[%emt 0:00:04] The position is equal.} Rxg4 44. Rc2 {[%emt 0:00:04] White threatens Rc8+ and mate.} Rd8 {[%emt 0:00:44] Wards off Rc8. And now ...Rf8 would win.} 45. Rxf6 Rg7 46. Rh6 (46. Rd2 {simplifies} Kxh7 47. Rf5 Kg6 48. Rdxd5 Rxd5 49. Rxd5 Kf6 50. Rh5) 46... d4 47. Kb2 (47. Rh4 {simplifies} Rxh7 48. Rf4 d3 49. Rd2) 47... d3 48. Rd2 Rxh7 (48... Rg3 {feels hotter.} 49. Kc3 Rd7 50. Rh5 Rxh7 51. Rd5 Kg8) 49. Re6 Rhd7 50. Re3 Kg7 51. Rf3 Rd6 52. Rg2+ Rg6 53. Rd2 Rgd6 54. Rg2+ Kh7 {[%emt 0:01:28] Strongly threatening ...d2.} (54... Rg6 $5 55. Rd2 $8 Rg4 $15) 55. Rh2+ Rh6 56. Rd2 {[%emt 0:00:04] An interesting game.   Weighted Error Value: White=0.23 (precise) /Black=0.23 (precise)} 1/2-1/2

[Event "SixDays Budapest March GM-A 2023"]
[Site "Budapest"]
[Date "2023.03.25"]
[Round "3.1"]
[White "Kushagra Mohan"]
[Black "Rosh Jain"]
[Result "1/2-1/2"]
[ECO "B99"]
[WhiteElo "2396"]
[BlackElo "2325"]
[Annotator "TA"]
[PlyCount "63"]
[EventDate "2023.03.24"]
[EventType "tourn"]
[EventCountry "HUN"]
[SourceTitle "playchess.com"]
[Source "ChessBase"]
[SourceQuality "1"]
[TimeControl "5400+30"]

1. e4 c5 2. Nf3 d6 3. d4 cxd4 4. Nxd4 Nf6 5. Nc3 a6 6. Bg5 e6 7. f4 Be7 8. Qf3 Qc7 9. O-O-O Nbd7 10. g4 h6 11. Bxf6 Bxf6 12. h4 Nb6 {[%emt 0:00:07] B99: Sicilian Najdorf: 6 Bg5 e6 7 f4 Be7 8 Qf3 Qc7 9 0-0-0 Nbd7.} 13. g5 Bxd4 14. Rxd4 Qc5 {[%emt 0:00:11] White is slightly better.} 15. Qd3 hxg5 16. b4 {[%emt 0:00:05][%mdl 64] [#] Deflection} ({Don't play} 16. Rxd6 Nd5 17. e5 Nxf4 $15) 16... Qc7 17. fxg5 Bd7 {[%emt 0:04:57] ...Rc8 is the strong threat.} 18. Rxd6 {[%emt 0:08:12] [#]} O-O-O $146 ({Better is} 18... Nc8 $1 $11 19. Rd4 Nb6) ({Predecessor:} 18... Nc8 19. Rd4 Nb6 20. g6 fxg6 21. Rd6 O-O-O 22. Bh3 e5 23. Bxd7+ Rxd7 24. Rxd7 Qxd7 {½-½ Roebers,E (2331)-Cvitan,O (2458) EU-ch 22nd Terme Catez 2022 (10)}) 19. Be2 (19. Qg3 {simplifies} g6 20. Rd3 Qxg3 21. Rxg3 Bc6 22. Rf3) 19... Nd5 {[%emt 0:12:23] The position is equal.} 20. Rxd7 (20. Nxd5 $2 {too greedy.} Qxd6 21. Ne3 Qxb4 22. Qc4+ Qxc4 23. Bxc4 Bc6 $19) 20... Qf4+ 21. Kb2 Rxd7 22. exd5 {[%emt 0:04:36] Black must now prevent Qc4+.} Qxb4+ 23. Ka1 {[%emt 0:00:05] And now h5 would win.} Rxh4 24. Rxh4 Qxh4 25. Qe3 {[%emt 0:09:09] Threatens to win with g6.} (25. Qc4+ {simplifies} Qxc4 26. Bxc4 exd5 27. Nxd5 Rd6 28. Nc3) 25... exd5 26. Bd3 g6 {[%emt 0:02:28] Dodges Bf5} 27. Qe5 Rd8 28. Kb2 (28. Nxd5 $2 {perishes.} Qh1+ 29. Kb2 Qxd5 $19) 28... Qb4+ 29. Kc1 d4 30. Nd5 {[%emt 0:04:32] Chess con chili.} Rxd5 {[%emt 0:00:29][%mdl 64] [#] Deflection} 31. Qxd5 {[%emt 0:00:03] Qc4+ would be deadly.} Qe1+ 32. Kb2 {[%emt 0:00:02] Weighted Error Value: White=0.07 (flawless) /Black=0.05 (flawless)} 1/2-1/2

[Event "SixDays Budapest March GM-A 2023"]
[Site "Budapest"]
[Date "2023.03.25"]
[Round "3.2"]
[White "Leszko, Bence"]
[Black "Horvath, Adam"]
[Result "1/2-1/2"]
[ECO "B32"]
[WhiteElo "2283"]
[BlackElo "2458"]
[Annotator "TA"]
[PlyCount "155"]
[EventDate "2023.03.24"]
[EventType "tourn"]
[EventCountry "HUN"]
[SourceTitle "playchess.com"]
[Source "ChessBase"]
[SourceQuality "1"]
[TimeControl "5400+30"]

1. e4 c5 2. Nf3 Nc6 3. d4 cxd4 4. Nxd4 Qb6 5. c3 Nf6 6. Bd3 {[%emt 0:01:24] B32: Sicilian: Löwenthal and Kalashnikov Variations.} g6 {[%emt 0:04:09] [#]} 7. Be3 $146 ({Predecessor:} 7. Nxc6 dxc6 8. O-O Bg7 9. a4 O-O 10. Be3 Qxb2 11. Ra3 Rd8 12. a5 Be6 13. Bc1 Rxd3 14. Qxd3 {0-1 Ljukin,S (2362)-Dobrov,V (2478) Titled Tuesday intern op 30th Mar blitz 2021 (5)}) 7... Qc7 ({But not} 7... Qxb2 8. Nb3 d5 9. Bc1 $16) 8. O-O {[%emt 0:01:36] White is slightly better.} Bg7 9. f4 (9. Nb5 $5 Qb8 10. h3 $11) 9... d6 10. h3 O-O 11. Qf3 Bd7 (11... e5 $5 12. Nxc6 {[%mdl 64] Discovered Attack} Qxc6 $11) 12. Na3 a6 13. Nac2 b5 14. Rac1 Na5 15. Nb4 Nc4 16. Bxc4 bxc4 17. e5 {[%emt 0:00:55][%mdl 64] [#] Deflection} dxe5 18. fxe5 Qxe5 19. Nbc6 (19. Rce1 $15) 19... Qe4 ({Better is} 19... Bxc6 $17 20. Nxc6 Qe6) 20. Qxe4 $11 {[%emt 0:01:26][%mdl 64] Remove Defender} Nxe4 21. Nxe7+ {[%emt 0:00:05] A dynamic duo of knights.} Kh8 22. Nd5 Rab8 $1 23. b3 cxb3 24. axb3 f5 25. Ra1 (25. Rfd1 $11) 25... g5 (25... Rfe8 $15 26. Bf2 Re5) 26. Rxa6 f4 27. Bf2 Nxf2 28. Rxf2 Bxd4 29. cxd4 Rxb3 30. Rd6 Bb5 31. Nc7 Rb1+ 32. Kh2 Rc8 33. Ne6 h6 34. Nxf4 gxf4 35. Rxf4 Kg7 36. Rg4+ Kh7 37. Rgg6 Bd3 38. Rxh6+ Kg7 39. Rhe6 Rc7 40. Re3 Rd1 41. d5 Rd2 42. Rc6 Rd7 43. d6 Bf5 44. Rc7 (44. Rc5 {with more complications.} Rf7 45. Ree5 Bd7 46. Rcd5) 44... R2xd6 (44... Rxc7 {keeps more tension.} 45. dxc7 Rc2 46. Kg3 Kf6) 45. Rxd7+ Bxd7 {[%emt 0:00:05][%mdl 4096] Endgame KRB-KR} 46. Re2 Kf6 47. Rf2+ Ke7 48. Re2+ Be6 49. Rf2 Rd3 50. Re2 Kf6 51. Rf2+ Ke5 52. Re2+ Kd5 53. Kg1 Bf5 54. Kf2 Kd4 55. Kg1 Rg3 56. Kh2 Rg8 57. Ra2 Ke3 58. Ra3+ Bd3 59. Ra2 Be2 60. Ra7 Kf2 61. Rf7+ $1 Ke1 62. Kg1 Rg6 63. Rf5 Kd2 64. Kf2 Bd3 65. Rf4 $1 Re6 66. Kg1 Be4 67. Rf2+ Ke3 68. Ra2 Rb6 69. Kh2 Bd5 70. Ra5 Rd6 71. Kg1 Kf4 72. Ra4+ Be4 73. Ra2 Kg3 74. Ra3+ Bd3 75. Ra4 Be4 {[%emt 0:00:39][%cal Rd6d1][%mdl 64] [#] Back Rank} 76. Ra3+ Bd3 77. Ra4 Be4 {[%emt 0:00:31][%cal Rd6d1][%mdl 64] Back Rank} 78. Ra3+ {Weighted Error Value: White=0.11 (very precise) /Black=0.12 (very precise)} 1/2-1/2

[Event "SixDays Budapest March GM-A 2023"]
[Site "Budapest"]
[Date "2023.03.25"]
[Round "3.3"]
[White "Berczes, David"]
[Black "Pap, Misa"]
[Result "1/2-1/2"]
[ECO "A40"]
[WhiteElo "2427"]
[BlackElo "2403"]
[Annotator "TA"]
[PlyCount "36"]
[EventDate "2023.03.24"]
[EventType "tourn"]
[EventCountry "HUN"]
[SourceTitle "playchess.com"]
[Source "ChessBase"]
[SourceQuality "1"]
[TimeControl "5400+30"]

1. d4 Nf6 2. c4 e6 3. g3 Bb4+ 4. Bd2 Bxd2+ 5. Qxd2 d6 6. Bg2 O-O 7. Nc3 Qe7 8. Nf3 e5 9. O-O Re8 10. dxe5 {[%emt 0:01:05] [#]  E11: Bogo-Indian.} {Predecessor:} dxe5 $146 11. Nd5 Nxd5 12. cxd5 e4 13. Nd4 Qe5 14. Rfd1 Qxd5 15. Qf4 Na6 16. Nb3 Qe6 17. Qxe4 Qxe4 18. Bxe4 c6 {1-0 Aczel,G (2552)-Kosic,D (2436) CRO-chT1B 29th 2021 (4.51)} 1/2-1/2

[Event "SixDays Budapest March GM-A 2023"]
[Site "Budapest"]
[Date "2023.03.25"]
[Round "3.4"]
[White "Pfreundt, Jakob"]
[Black "Arfan, Aditya Bagus"]
[Result "1-0"]
[ECO "B12"]
[WhiteElo "2407"]
[BlackElo "2374"]
[Annotator "TA"]
[PlyCount "61"]
[EventDate "2023.03.24"]
[EventType "tourn"]
[EventCountry "HUN"]
[SourceTitle "playchess.com"]
[Source "ChessBase"]
[SourceQuality "1"]
[TimeControl "5400+30"]

1. e4 c6 2. d4 d5 3. e5 c5 4. Nf3 Nc6 5. dxc5 e6 6. a3 {[%emt 0:00:21] B12: Caro-Kann: Advance Variation.} Bxc5 7. b4 {[%emt 0:00:11] Prevents Qa5.} Bb6 8. Bb2 {[%emt 0:00:40] The position is equal.} Nge7 9. Bd3 Ng6 10. b5 (10. O-O $14) 10... Na5 11. h4 {[%emt 0:02:12][%cal Bh2h4,Bh4h5,Bh5h6][%mdl 32] [#]} Nf4 $146 ({Predecessor:} 11... Qc7 12. h5 Nf4 13. Bf1 Nc4 14. Bd4 Ba5+ 15. c3 f6 16. g3 fxe5 17. Nxe5 Nxe5 18. gxf4 {½-½ Tari,A (2646)-Fedoseev,V (2704) FIDE Grand Swiss 2021 (3)}) 12. Bf1 Ng6 (12... Qc7 $5 ) 13. h5 Ne7 14. h6 g6 15. Nbd2 O-O 16. Bd3 Bc5 17. Nb3 Bb6 {[%emt 0:13:27] Black is weak on the dark squares} 18. O-O {[%emt 0:03:49] White is more active.} Nf5 19. Nxa5 Bxa5 {[%emt 0:00:30] [#]} 20. Qc1 $1 Nh4 {[%emt 0:04:16] [#]} (20... a6 $16 {was necessary.}) 21. Nh2 $1 $18 Nf5 (21... Qd7 $142 22. Ng4 Bd8) 22. Ng4 Qh4 $2 (22... Kh8 23. Bxf5 gxf5) 23. Bxf5 $2 (23. Nf6+ $18 {is the precise move to win.} Kh8 24. Bxf5 exf5 25. g3 (25. Nxd5 Be6 $14)) 23... exf5 $4 {[%emt 0:00:26][%mdl 8192] Black cannot hold the game after this.} (23... Bd8 $16 {is tougher.}) 24. Nf6+ {[%emt 0:00:11] White is clearly winning.} Kh8 25. g3 (25. Nxd5 Be6 26. Rd1 g5 $11) 25... Qc4 {[%emt 0:05:53] [#]} 26. e6 $1 Bxe6 27. Qe3 {[%emt 0:06:13] Prevents Bc3} ({Not} 27. Nxd5+ f6 28. Nxf6 (28. Bxf6+ Rxf6 29. Nxf6 Bc3 $17) 28... Bc3 $14) 27... d4 28. Bxd4 ({Weaker is} 28. Qxd4 Qxd4 29. Bxd4 Rfd8 $16) 28... Bb6 29. Bxb6 axb6 30. Qe5 {[%emt 0:00:52] Intending Nd5+ and mate.} (30. Qxb6 $2 Qc3 31. Qxb7 Qxf6 $17) 30... Rac8 31. Nd5+ {[%emt 0:00:44][%mdl 64] Discovered Attack.   Weighted Error Value: White=0.25 (precise) /Black=0.48} 1-0

[Event "SixDays Budapest March GM-A 2023"]
[Site "Budapest"]
[Date "2023.03.25"]
[Round "3.5"]
[White "Bodi, Tibor"]
[Black "Sammed Jaykumar, Shete"]
[Result "1-0"]
[ECO "B30"]
[WhiteElo "2356"]
[BlackElo "2454"]
[Annotator "TA"]
[PlyCount "61"]
[EventDate "2023.03.24"]
[EventType "tourn"]
[EventCountry "HUN"]
[SourceTitle "playchess.com"]
[Source "ChessBase"]
[SourceQuality "1"]
[TimeControl "5400+30"]

1. e4 c5 2. Nf3 Nc6 3. Bb5 e6 4. O-O Nge7 5. c3 a6 6. Ba4 b5 7. Bc2 Bb7 8. Re1 Ng6 {[%emt 0:01:26] B30: Sicilian: 2...Nc6 3 Bb5, lines without ...g6.} 9. d4 d5 (9... Bd6 $11) 10. exd5 Qxd5 {[%emt 0:00:06] [#] White is better.} 11. Be4 $146 ({Predecessor:} 11. a4 Be7 12. axb5 axb5 13. Rxa8+ Bxa8 14. dxc5 Qxd1 15. Rxd1 Bxc5 16. b4 Bb6 {½-½ Samaritani,F (2265)-Zedek,A (2275) Ischia op 1994}) 11... Qd7 {[%emt 0:04:15] [#]} 12. d5 $1 {[%emt 0:05:48] White is more active.} O-O-O {[%emt 0:01:50][%cal Re6d5] [#]} (12... Nce5 $2 13. Nxe5 Nxe5 14. Qh5) 13. Qc2 $1 Nb8 (13... Nce5 $142) 14. c4 $18 b4 (14... exd5 $2 15. Bf5 $18) 15. a3 (15. Nbd2 $18 {is more deadly.}) 15... Be7 $2 {[%emt 0:06:19][%mdl 8192] A mistake that costs the game.} (15... b3 $16 16. Qxb3 exd5 17. cxd5 Bxd5 18. Bxd5 Qxd5 19. Qxd5 Rxd5) 16. axb4 cxb4 17. Nbd2 Qc7 18. dxe6 Nc6 $2 (18... fxe6 {is a better defense.} 19. Nb3 Rhe8 20. Bxb7+ Qxb7 21. Rxe6 Bf8) 19. exf7 Rhf8 20. Bd5 Kb8 21. Qe4 Bf6 22. Nb3 Rxf7 23. Bxf7 Nd4 24. Bd5 ({Don't take} 24. Nbxd4 Bxe4 25. Rxe4 Qxf7 $18) 24... Rxd5 (24... Nxb3 25. Rb1 Nc5) 25. cxd5 {[%emt 0:00:47] White is clearly winning.} ({Not} 25. Nfxd4 Re5 $16) 25... Nxb3 26. Qe8+ Qc8 27. Ra4 Qxe8 28. Rxe8+ Kc7 29. Bg5 a5 30. Bxf6 {[%emt 0:00:10] Strongly threatening Bd8+.} gxf6 31. Re3 {[%emt 0:00:34] Weighted Error Value: White=0.62/Black=0.48} 1-0

[Event "SixDays Budapest March GM-A 2023"]
[Site "Budapest"]
[Date "2023.03.26"]
[Round "4.1"]
[White "Rosh Jain"]
[Black "Sammed Jaykumar, Shete"]
[Result "0-1"]
[ECO "B28"]
[WhiteElo "2325"]
[BlackElo "2454"]
[Annotator "TA"]
[PlyCount "94"]
[EventDate "2023.03.24"]
[EventType "tourn"]
[EventCountry "HUN"]
[SourceTitle "playchess.com"]
[Source "ChessBase"]
[SourceQuality "1"]
[TimeControl "5400+30"]

1. e4 c5 2. Nf3 a6 3. c4 d6 4. d4 Bg4 5. d5 Nd7 6. Be2 {[%emt 0:00:51] B28: Sicilian: 2 Nf3 a6 (O'Kelly Variation).} Bxf3 7. Bxf3 (7. gxf3 g6 $11) 7... b5 {[%emt 0:00:38] [#]} 8. b3 $146 ({Better is} 8. Be2 $16) ({Predecessor:} 8. O-O Ngf6 9. Nd2 g6 10. Be2 bxc4 11. Bxc4 Nb6 12. Qe2 Nxc4 13. Nxc4 Bg7 14. Bg5 {1-0 Mainka,R-Hoermann,G GER U20-ch Bad Lauterberg 1981 (3)}) 8... Ngf6 9. Bb2 g6 10. Nd2 b4 11. O-O Bg7 12. g3 O-O 13. Qe2 Ne8 14. Bxg7 Nxg7 15. Bg2 a5 16. a4 Qc7 (16... e5 $11) 17. f4 $16 Rae8 18. Rae1 e6 19. Qd3 Re7 20. Re2 Rfe8 21. Rfe1 exd5 (21... Qa7 $14) 22. exd5 $2 (22. cxd5 $16 f6 23. Nc4) 22... Nf6 $15 23. Bh3 Qd8 24. Kf2 h6 25. Rxe7 Rxe7 26. Rxe7 Qxe7 27. Qe2 Qd8 28. Ne4 (28. g4 $11 {keeps the balance.}) 28... Nfe8 ({Black should play} 28... Nxe4+ $17 29. Qxe4 Qf6) 29. g4 f5 30. Ng3 $1 fxg4 31. Bxg4 Qf6 32. Qe3 (32. Qe4 $15) 32... Qb2+ $17 33. Kg1 Nf6 34. Be6+ (34. Be2 h5 35. Bf3 (35. Qe7 $2 Qd4+ 36. Kg2 Qxf4 $19) 35... Kh7) 34... Kh7 {[%emt 0:02:05] Black is more active.} 35. h3 Qc2 (35... Qb1+ $17 36. Kh2 (36. Nf1 Ne4 $15) 36... h5) 36. Bc8 {[%emt 0:02:12] [#]} (36. Kf1 $1 $15) 36... h5 $1 $19 37. Ne2 Ne4 {[%emt 0:00:41] And now ...Nc3 would win.} 38. Be6 $2 {[%emt 0:01:06] Now White is beyond hope.} (38. Ng3 $17 Nd2 39. f5) 38... h4 {[%emt 0:01:28] ...Nf5 is the strong threat.} 39. Bg4 (39. Kg2) 39... Nf5 40. Bxf5 gxf5 {[%emt 0:00:05][%mdl 4096] Endgame KQN-KQN} 41. Kg2 Kg7 42. Kg1 Qd1+ 43. Kg2 Kf8 {[%emt 0:03:16] Hoping for ...Qe1.} 44. Qf3 Nd2 {[%emt 0:01:18][%csl LRb3,LRf3][%mdl 64] [#] Deflection, Double Attack} 45. Qf2 Qxb3 {[%emt 0:00:04] ( -> ...Qd1)} 46. Qxh4 Qf3+ (46... Qxa4 47. Qh6+ Kg8 48. Qg6+ (48. Qxd6 Qe8 $15) 48... Kh8 49. Qh5+ (49. Qxf5 Qa1 $11) 49... Kg7 50. Qg5+ (50. Qxf5 Qd1 $11) 50... Kh8 51. Qf6+ (51. Qxf5 Qa1 $11) 51... Kg8 52. Qg6+ (52. Qxd6 Qe8 $15) 52... Kh8 53. Qh6+ (53. Qxf5 Qe8 $11) 53... Kg8 54. Qg6+ $11 (54. Qxd6 Qe8 $15)) 47. Kg1 Qf1+ {Weighted Error Value: White=0.81/Black=0.27 (precise)} 0-1